 Dungeon Crawl Stone Soup version 0.28.0-43-g3370ac3207 (webtiles) character file.

Game seed: 1678796095100326535

1360 boopmooplesden the Cudgeller (level 8, -1/70 HPs)
             Began as a Minotaur Fighter on Mar 8, 2022.
             Killed from afar by an electric eel (7 damage)
             ... with a bolt of electricity
             ... on level 6 of the Dungeon.
             The game lasted 00:06:22 (5477 turns).

boopmooplesden the Cudgeller (Minotaur Fighter)     Turns: 5477, Time: 00:06:23

Health: -1/70      AC: 11    Str: 20    XL:     8   Next: 37%
Magic:  7/7        EV: 10    Int:  5    God:
Gold:   224        SH:  5    Dex: 13    Spells: 7/7 levels left

rFire   . . .      SeeInvis .   i - +4 whip
rCold   . . .      Faith    .   c - +0 buckler
rNeg    . . .      Spirit   .   b - +0 scale mail
rPois   .          Reflect  .   (helmet restricted)
rElec   .          Harm     .   (no cloak)
rCorr   .          Rampage  .   x - +1 pair of gloves
Will    +....                   n - +0 pair of boots
Stlth   ..........              (no amulet)
HPRegen 0.21/turn               r - ring of willpower
MPRegen 0.10/turn               (no ring)

@: no status effects
A: horns 2, retaliatory headbutt
a: no special abilities


You were on level 6 of the Dungeon.
You visited 2 branches of the dungeon, and saw 7 of its levels.

You collected 224 gold pieces.

Inventory:

Hand Weapons
 a - a +0 long sword of electrocution
 i - a +4 whip (weapon)
 s - a +0 whip of venom
 u - a +2 quarterstaff of pain
Missiles
 f - 6 boomerangs (quivered)
 p - 52 sling bullets
Armour
 b - a +0 scale mail (worn)
 c - a +0 buckler (worn)
 m - a +2 ring mail of cold resistance
 n - a +0 pair of boots (worn)
 x - a +1 pair of gloves (worn)
Jewellery
 r - a ring of willpower (left hand)
Wands
 y - a wand of polymorph (1)
Scrolls
 g - 2 scrolls of blinking
 o - 2 scrolls of magic mapping
 t - 2 scrolls of identify
 w - a scroll of teleportation
Potions
 d - a potion of might
 e - a potion of heal wounds {unknown}
 h - a potion of brilliance
 j - 2 potions of haste
 k - a potion of flight {unknown}
 l - a potion of magic {unknown}
 q - 2 potions of degeneration {unknown}
 v - a potion of attraction {unknown}


   Skills:
 + Level 6.1 Fighting
 + Level 3.5 Long Blades
 + Level 7.2 Maces & Flails
 + Level 0.2 Throwing
 + Level 6.9 Armour
 + Level 3.0 Dodging
 + Level 0.7 Stealth
 + Level 5.3 Shields


You had 7 spell levels left.
You didn't know any spells.
Your spell library contained the following spells:

 Spells                   Type           Power      Damage    Failure   Level
 Animate Skeleton         Necr           0%         N/A       87%         1
 Pain                     Necr           0%         1d4       87%         1
 Ensorcelled Hibernation  Hex/Ice        0%         N/A       95%         2
 Spider Form              Tmut/Pois      0%         N/A       99%         3
 Vampiric Draining        Necr           0%         2d6       99%         3
 Anguish                  Hex/Necr       0%         N/A       100%        4


Dungeon Overview and Level Annotations

Branches:
Dungeon (6/15)             Temple (1/1) D:4

Altars:
Ashenzari
Cheibriados
Dithmenos
Elyvilon
Fedhas
Hepliaklqana
Makhleb
Nemelex Xobeh
Ru
Sif Muna
Trog
Vehumet
Wu Jian
Xom
Yredelemnul
Zin


Innate Abilities, Weirdness & Mutations

You have a pair of horns on your head.
You reflexively headbutt those who attack you in melee.


Message History

a +0 dagger; a +1 robe of willpower
Items here: ) [[ †.
You feel a little less mighty now.
Found a stone staircase leading up.
Found a chain mail.
Found 27 bolts.
You see here 27 bolts.
You see here 27 bolts.
Found a ring mail.
Found a stone staircase leading down.
An electric eel comes into view.
Found a scroll labelled VOBUTA DOUMN.
The electric eel shoots out a bolt of lightning at you!
The bolt of electricity hits you!
An electric eel is nearby!
The electric eel shoots out a bolt of lightning at you!
The bolt of electricity hits you!
The electric eel shoots out a bolt of lightning at you!
The bolt of electricity hits you!
The electric eel shoots out a bolt of lightning at you!
The bolt of electricity hits you!
The electric eel shoots out a bolt of lightning at you!
The bolt of electricity hits you!
You hit the electric eel.
The electric eel is lightly wounded.
The electric eel shoots out a bolt of lightning at you!
The bolt of electricity hits you!
* * * LOW HITPOINT WARNING * * *
You miss the electric eel.
The electric eel is lightly wounded.
You closely miss the electric eel. You headbutt the electric eel.
The electric eel is heavily wounded.
The electric eel shoots out a bolt of lightning at you!
The bolt of electricity hits you!
* * * LOW HITPOINT WARNING * * *
You miss the electric eel.
The electric eel is heavily wounded.
The electric eel shoots out a bolt of lightning at you!
The bolt of electricity hits you!
You die...

####...≈##≈.≈#
##......≈## +##
###[......≈≈#
#.#.......≈≈#
###.#.#..##.≈≈#
#.....####..≈###### .
##..........≈##≈≈≈##≈..
####......#..≈≈≈≈S≈≈≈≈..
#...##...###....@.......
........................
.........[...[.........#
)#)............>.......#
##...#......##.........#
##.###..... ....?.....#
... ##.<.#.#....##....
...... ....#....### ....
.......


You could see an electric eel.

Vanquished Creatures
  Duvessa (D:6)
  A water moccasin (D:5)
  2 sky beasts
  A black bear (D:5)
  A necrophage (D:5)
  A centaur (D:5)
  A wyvern zombie (D:6)
  A scorpion (D:4)
  2 water moccasin skeletons (D:4)
  Dowan (D:6)
  A centaur zombie (D:5)
  3 hounds
  A centaur skeleton (D:4)
  A bullfrog skeleton (D:5)
  A scorpion zombie (D:5)
  An iguana (D:5)
  A howler monkey skeleton (D:4)
  9 adders
  2 gnolls (D:3)
  An adder skeleton (D:4)
  5 dart slugs
  6 orcs
  8 bats
  5 endoplasms
  5 giant cockroaches
  4 hobgoblins
  5 jackals
  4 quokkas
  4 ball pythons
  5 frilled lizards
  5 goblins
  10 kobolds
  8 rats
107 creatures vanquished.

Notes
Turn   | Place    | Note
-------+----------+-------------------------------------------
     0 | D:1      | boopmooplesden the Minotaur Fighter began the quest for the
                  | Orb.
     0 | D:1      | Reached XP level 1. HP: 19/19 MP: 0/0
   220 | D:1      | Reached XP level 2. HP: 27/27 MP: 1/1
   538 | D:1      | Reached XP level 3. HP: 33/33 MP: 2/2
   682 | D:1      | Found a faded altar of an unknown god.
  1158 | D:2      | Reached skill level 1 in Maces & Flails
  1475 | D:3      | Reached XP level 4. HP: 41/41 MP: 3/3
  1552 | D:3      | Reached skill level 1 in Dodging
  2220 | D:3      | Found a radiant altar of Vehumet.
  2221 | D:3      | Found a shadowy altar of Dithmenos.
  2437 | D:3      | Reached skill level 2 in Maces & Flails
  2662 | D:4      | Noticed a scorpion
  2672 | D:4      | Killed a scorpion
  2673 | D:4      | Reached XP level 5. HP: 40/47 MP: 4/4
  2768 | D:4      | Reached skill level 3 in Maces & Flails
  2768 | D:4      | Reached skill level 5 in Armour
  2918 | D:4      | Found an ornate altar of the Wu Jian Council.
  2992 | D:4      | Reached XP level 6. HP: 41/53 MP: 5/5
  3072 | D:4      | Found a staircase to the Ecumenical Temple.
  3083 | Temple   | Entered the Ecumenical Temple
  3956 | D:4      | Reached skill level 4 in Maces & Flails
  4059 | D:5      | Entered Level 5 of the Dungeon
  4166 | D:5      | Reached skill level 5 in Fighting
  4242 | D:5      | Noticed a water moccasin
  4247 | D:5      | Reached XP level 7. HP: 61/61 MP: 6/6
  4257 | D:5      | Reached skill level 5 in Maces & Flails
  4755 | D:5      | Reached skill level 6 in Maces & Flails
  4755 | D:5      | Reached skill level 5 in Shields
  4931 | D:5      | Reached XP level 8. HP: 62/70 MP: 7/7
  5387 | D:6      | Noticed Dowan
  5389 | D:6      | Noticed Duvessa
  5399 | D:6      | Killed Duvessa
  5400 | D:6      | Reached skill level 7 in Maces & Flails
  5405 | D:6      | Killed Dowan
  5477 | D:6      | Killed from afar by an electric eel

Illustrated notes

Levels and vault maps discovered:
D:1:      pf_arrival_petrified_forest, layout_loops_corners,
          dreamdust_ecumenical_altar_hidden_monk_grotto
D:2:      layout_rooms, minmay_pentomino_p2
D:3:      minmay_chambers_of_threes, layout_basic,
          gammafunk_temple_overflow_statue
D:4:      layout_basic, nicolae_overflow_crystal_walls,
          minmay_temple_entry_gardened_gates, minmay_misc_feat_alley
D:5:      layout_loops_ring
D:6:      layout_cave_pools, lightli_minifort, uniq_duvessa
Temple:   oiseaux_autumnal_temple

Skill      XL: |  1  2  3  4  5  6  7  8 |
---------------+-------------------------+-----
Shields        | 4 5 |  5.3
Armour         | 4 5 6 |  6.9
Fighting       | 4 5 6 |  6.1
Long Blades    | 3 |  3.5
Maces & Flails | 1 2 3 4 6 7 |  7.2
Dodging        | 1 2 3 |  3.0
Throwing       | |  0.2
Stealth        | |  0.7

Action                   |  1- 3 |  4- 6 |  7- 9 || total
-------------------------+-------+-------+-------++-------
Melee: Long sword        |    65 |       |       ||    65
       Headbutt          |    16 |    29 |    26 ||    71
       Whip              |    20 |   145 |   101 ||   266
Throw: Boomerang         |       |     6 |       ||     6
  Use: Scroll            |     5 |     2 |       ||     7
       Potion            |       |       |     1 ||     1
Armor: Scale mail        |    56 |    70 |    40 ||   166
Dodge: Dodged            |    54 |    81 |    33 ||   168
Block: Buckler           |    25 |    41 |    15 ||    81
